 Dungeon Crawl Stone Soup version 0.15.0-27-gbdb0435 (webtiles) character file.

79 Rhoefr the Insei (level 4, 0/28 HPs)
             Began as an Octopode Transmuter on Sept 11, 2014.
             Slain by an adder (6 damage)
             ... on Level 3 of the Dungeon.
             The game lasted 00:14:51 (2378 turns).

Rhoefr the Insei (Octopode Transmuter)              Turns: 2378, Time: 00:14:51

HP   0/28        AC  2     Str  9      XL: 4   Next: 37%
MP   1/7         EV 20     Int 16      God:
Gold 61          SH  0     Dex 17      Spells:  3 memorised,  1 level left

rFire  . . .     SeeInvis .       - Unarmed
rCold  . . .     Clarity  .     (shield currently unavailable)
rNeg   . . .     rCorr    .     (helmet currently unavailable)
rPois  x         rRot     .     (no amulet)
rElec  .         Spirit   .     (no ring)
SustAb .         Warding  .     (no ring)
rMut   .         Stasis   .     (no ring)
Gourm  .                        (no ring)
MR     .....                    (no ring)
                                (no ring)
                                (no ring)
                                (no ring)

@: lethally poisoned, spider-form, very slightly contaminated, not resistant to
hostile enchantments, unstealthy
A: almost no armour, amphibious, 8 rings, (constrict 8), (camouflage 0),
(gelatinous body 0)
a: End Transformation


You were on level 3 of the Dungeon.
You were hungry.
You were in spider-form.
You visited 1 branch of the dungeon, and saw 3 of its levels.

You collected 61 gold pieces.

Inventory:

Missiles
 b - 9 arrows
Comestibles
 a - 2 bread rations
 c - a rotting chunk of giant newt flesh
 g - a meat ration
Scrolls
 e - a scroll of enchant armour
 f - 2 scrolls of identify
 k - a scroll of remove curse
Books
 d - a book of Changes

   Spells                             Type                      Level
   *Beastly Appendage                 Transmutation                1
   *Sticks to Snakes                  Transmutation                2
   *Spider Form                       Transmutation/Poison         3
   Ice Form                           Ice/Transmutation            4
   Blade Hands                        Transmutation                5


   Skills:
 - Level 1.0 Fighting
 - Level 2.1 Dodging
 - Level 0.8 Stealth
 - Level 4.6 Unarmed Combat
 - Level 2.1 Spellcasting
 + Level 2.3 Transmutations


You had one spell level left.
You knew the following spells:

 Your Spells              Type           Power        Failure   Level  Hunger
a - Beastly Appendage     Trmt           #.....       24%         1    #......
b - Sticks to Snakes      Trmt           #.........   32%         2    ###....
s - Spider Form           Trmt/Pois      #.........   61%         3    ####...


Dungeon Overview and Level Annotations

Branches:
Dungeon (3/15)

Altars:
Elyvilon
Trog
Xom

Annotations:
D:3 Rafael's ghost, average DsEE


Innate Abilities, Weirdness & Mutations

You cannot wear most types of armour.
You are amphibious.
You can wear up to eight rings at the same time.
((You can use your tentacles to constrict many enemies at once.))
((Your skin changes colour to match your surroundings (Stealth).))
((Your rubbery body absorbs attacks (AC +1).))


Message History

You feel sick. The adder misses you.
Casting: Spider Form
Confirm with . or Enter, or press ? or * to list all spells.
You turn into a venomous arachnid creature.
The adder closely misses you. The adder completely misses you.
You hit the adder but do no damage.
You feel sick. The adder misses you. The adder completely misses you.
You miss the adder.
You feel sick. The adder closely misses you. The adder completely misses you.
You hit the adder.
The adder is poisoned.
The adder is lightly wounded.
The adder bites you.
* * * LOW HITPOINT WARNING * * *
You are more poisoned.
The adder poisons you!
You barely miss the adder.
The adder is moderately wounded.
* * * LOW HITPOINT WARNING * * *
You feel sick. The adder bites you.
You die...

#........
#....#...
####...###..)
#..'...#y#w_r
#.##...###...
#.##....#..r
#%##.......)
#S###......) #s#
#....# #.#
###########
#.####..........
#......#########
######.# #####[#
#.....# #.#####
#.#...#


You could see an adder (berserk).

Vanquished Creatures
  An adder (D:2)
  A giant mite (D:2)
  4 worms
  A giant gecko (D:1)
  7 giant cockroaches
  6 hobgoblins
  A quokka (D:2)
  5 bats (D:2)
  5 giant newts
  2 goblins
  5 kobolds
  6 rats
44 creatures vanquished.

Vanquished Creatures (collateral kills)
  A giant cockroach (D:2)
  A rat (D:2)
2 creatures vanquished.

Grand Total: 46 creatures vanquished

Notes
Turn   | Place    | Note
--------------------------------------------------------------
     0 | D:1      | Rhoefr, the Octopode Transmuter, began the quest for the Orb.
     0 | D:1      | Reached XP level 1. HP: 13/13 MP: 3/3
   274 | D:1      | Reached XP level 2. HP: 13/18 MP: 2/4
   505 | D:1      | Found a shimmering altar of Xom.
   686 | D:1      | Learned a level 2 spell: Sticks to Snakes
   847 | D:2      | Reached XP level 3. HP: 14/23 MP: 6/6
   966 | D:2      | Learned a level 3 spell: Spider Form
  1180 | D:2      | Reached skill level 4 in Unarmed Combat
  1365 | D:2      | Found a white marble altar of Elyvilon.
  1544 | D:2      | Reached XP level 4. HP: 28/28 MP: 0/7
  1955 | D:3      | Noticed Rafael's ghost (average DsEE)
  2330 | D:3      | Noticed a moth of wrath
  2331 | D:3      | Found a bloodstained altar of Trog.
  2378 | D:3      | Slain by an adder

Action                   |  1- 3 |  4- 6 || total
-------------------------+-------+-------++-------
Melee: Unarmed           |    71 |    36 ||   107
 Cast: Beastly Appendage |    14 |     6 ||    20
       Sticks to Snakes  |     3 |       ||     3
       Spider Form       |     1 |     5 ||     6
  Use: Scroll            |     3 |     2 ||     5
       Potion            |     1 |       ||     1
 Stab: Sleeping          |     5 |       ||     5
  Eat: Chunk             |     2 |     2 ||     4
       Beef jerky        |       |     1 ||     1
